 Dungeon Crawl Stone Soup version 0.27.1-3-gb3d3a73c9e (webtiles) character file.

Game seed: 4820609197696201751

103 cdecastro the Chopper (level 4, 0/39 HPs)
             Began as a Minotaur Fighter on Oct 14, 2021.
             Slain by a gnoll (1 damage)
             ... on level 2 of the Dungeon on Oct 15, 2021.
             The game lasted 00:02:58 (1662 turns).

cdecastro the Chopper (Minotaur Fighter)            Turns: 1662, Time: 00:02:59

Health: 0/39       AC:  9    Str: 22    XL:     4   Next: 51%
Magic:  3/3        EV:  7    Int:  5    God:
Gold:   44         SH:  0    Dex:  9    Spells: 3/3 levels left

rFire    . . .     SeeInvis .   a - +0 war axe
rCold    . . .     Faith    .   (no shield)
rNeg     . . .     Spirit   .   l - +0 chain mail
rPois    .         Reflect  .   (helmet restricted)
rElec    .         Harm     .   (no cloak)
rCorr    .         Rampage  .   (no gloves)
Will     .....                  (no boots)
Stlth    ..........             (no amulet)
HPRegen  0.13/turn              (no ring)
MPRegen  0.08/turn              (no ring)

@: no status effects
A: horns 2, retaliatory headbutt
a: no special abilities


You were on level 2 of the Dungeon.
You visited 1 branch of the dungeon, and saw 3 of its levels.

You collected 44 gold pieces.

Inventory:

Hand Weapons
 a - a +0 war axe (weapon)
Missiles
 g - 26 stones (quivered)
 h - 14 arrows
 m - 20 bolts
Armour
 b - a +0 scale mail
 l - a +0 chain mail (worn)
Scrolls
 e - a scroll of magic mapping {unknown}
 f - a scroll of immolation {unknown}
 i - a scroll of vulnerability {unknown}
 j - a scroll of identify {unknown}
Potions
 c - a potion of attraction {unknown}
 d - a potion of might
 k - a potion of lignification {unknown}


   Skills:
 - Level 3.6 Fighting
 + Level 5.8 Axes
 - Level 3.6 Armour
 - Level 3.6 Shields


You had 3 spell levels left.
You didn't know any spells.
Your spell library contained the following spells:

 Spells                   Type           Power      Damage    Failure   Level
 Summon Guardian Golem    Hex/Summ       0%         N/A       100%        3
 Orb of Destruction       Conj           0%         N/A       100%        7
 Spellforged Servitor     Conj/Summ      0%         N/A       100%        7


Dungeon Overview and Level Annotations

Branches:
Dungeon (3/15)

Altars:


Innate Abilities, Weirdness & Mutations

You have a pair of horns on your head.
You reflexively headbutt those who attack you in melee.


Message History

The gnoll is severely wounded.
The gnoll closely misses you. The gnoll barely misses you.
The gnoll hits you with a +0 halberd.
You hit the gnoll.
The gnoll is almost dead.
The gnoll hits you but does no damage. The gnoll hits you with a +0 halberd.
You slash the gnoll!
You kill the gnoll!
The gnoll barely misses you. The gnoll closely misses you.
The gnoll hits you with a +0 flail.
* * * LOW HITPOINT WARNING * * *
The gnoll hits you but does no damage.
You see here a +0 halberd.
You hit the gnoll. Your headbutt misses the gnoll.
The gnoll is lightly wounded.
You closely miss the gnoll. The gnoll hits you but does no damage.
The gnoll hits you with a +0 spear.
* * * LOW HITPOINT WARNING * * *
You hit the gnoll but do no damage. Your headbutt misses the gnoll.
The gnoll is lightly wounded.
Your chain mail prevents you from hitting the gnoll.
The gnoll barely misses you. You furiously retaliate!
You headbutt the gnoll. The gnoll hits you with a +0 spear.
* * * LOW HITPOINT WARNING * * *
You hit the gnoll.
The gnoll is moderately wounded.
You hit the gnoll.
The gnoll hits you but does no damage. x2
You barely miss the gnoll. You headbutt the gnoll.
The gnoll is heavily wounded.
You barely miss the gnoll. The gnoll barely misses you.
The gnoll hits you with a +0 spear.
* * * LOW HITPOINT WARNING * * *
The gnoll hits you with a +0 flail.
* * * LOW HITPOINT WARNING * * *
You barely miss the gnoll.
The gnoll is heavily wounded.
You hit the gnoll. The gnoll hits you with a +0 spear.
* * * LOW HITPOINT WARNING * * *
The gnoll hits you with a +0 flail.
You die...

#.......#........#
##....)..#........#
..................#
##................#
..................#
..................#
..#######.#+#########.##
..+.............gg......
..#######.#.#...@.......
..# #.#.#.##........ +##
#.#.#.##.####.##
#.#.#.##.# # #.#.#.##.#
#.#.#..... #.#.####.#
#.. ..# ###


You could see 2 gnolls.

Vanquished Creatures
  4 gnolls
  An adder (D:2)
  4 dart slugs (D:1)
  An orc (D:3)
  3 endoplasms
  2 giant cockroaches
  A goblin (D:2)
  3 hobgoblins (D:1)
  5 jackals
  4 quokkas
  3 ball pythons
  7 bats
  2 frilled lizards (D:1)
  5 kobolds
  2 rats (D:1)
47 creatures vanquished.

Notes
Turn   | Place    | Note
-------+----------+-------------------------------------------
     0 | D:1      | cdecastro the Minotaur Fighter began the quest for the Orb.
     0 | D:1      | Reached XP level 1. HP: 19/19 MP: 0/0
   153 | D:1      | Reached skill level 3 in Axes
   254 | D:1      | Reached XP level 2. HP: 26/26 MP: 1/1
   278 | D:1      | Found a faded altar of an unknown god.
   479 | D:1      | Reached skill level 4 in Axes
   604 | D:1      | Reached XP level 3. HP: 21/31 MP: 2/2
   713 | D:1      | You fall into a shaft and drop 1 floor!
  1312 | D:2      | You fall into a shaft and drop 1 floor!
  1316 | D:3      | Reached skill level 5 in Axes
  1357 | D:3      | Reached XP level 4. HP: 28/39 MP: 3/3
  1662 | D:2      | HP: 1/39 [gnoll (3)]
  1662 | D:2      | Slain by a gnoll

Illustrated notes

Levels and vault maps discovered:
D:1:      wander_arrival_peaceful_grave, layout_loops_corners,
          basic_ecumenical_altar
D:2:      layout_basic
D:3:      layout_loops_corners, nzn_wu_jian_council_hall, minmay_bisected,
          uniq_ijyb

Skill      XL: |  1  2  3 |
---------------+----------+-----
Axes           | 3 4 5 |  5.8
Fighting       | |  3.6
Armour         | |  3.6
Shields        | |  3.6

Action                   |  1- 3 |  4- 6 || total
-------------------------+-------+-------++-------
Melee: War axe           |    83 |    16 ||    99
       Headbutt          |    14 |     2 ||    16
Armor: Scale mail        |    45 |       ||    45
       Chain mail        |     2 |    11 ||    13
Dodge: Dodged            |    58 |    11 ||    69
